 Dungeon Crawl Stone Soup version 0.26.1-11-gd32895ea62 (webtiles) character file.

Game seed: 8825054364843431611

2445 H0rd4k the Martial Artist (level 9, -1/54 HPs)
             Began as an Octopode Transmuter on July 12, 2021.
             Was an Initiate of Gozag.
             Splashed by a jelly's acid (8 damage)
             ... on level 8 of the Dungeon.
             The game lasted 00:12:44 (11509 turns).

H0rd4k the Martial Artist (Octopode Transmuter)    Turns: 11509, Time: 00:12:45

Health: -1/54      AC: -2    Str:  9    XL:     9   Next: 49%
Magic:  16/17      EV: 23    Int: 18    God:    Gozag
Gold:   950        SH:  0    Dex: 18    Spells: 15/19 levels left

rFire    . . .     SeeInvis .     - Unarmed
rCold    . . .     Faith    .   (shield currently unavailable)
rNeg     . . .     Spirit   .   (helmet currently unavailable)
rPois    .         Reflect  .   (no amulet)
rElec    .         Harm     .   c - ring of poison resistance
rCorr    .         Rampage  .   (no ring)
Will     .....                  (no ring)
Stlth    ++........             (no ring)
HPRegen  0.18/turn              (no ring)
MPRegen  0.15/turn              (no ring)
                                (no ring)
                                (no ring)

@: lethally poisoned (-1 -> -3), spider-form, corroded, gold aura
A: tiny, almost no armour, stealthy swim, (amphibious), 8 rings, (constrict 8)
a: End Transformation, Renounce Religion, Potion Petition, Call Merchant, Bribe
Branch


You were on level 8 of the Dungeon.
You worshipped Gozag.
Gozag was pleased with you.
You were a venomous arachnid creature.
You visited 1 branch of the dungeon, and saw 8 of its levels.

You collected 1022 gold pieces.
You paid 72 gold pieces to Gozag.

Inventory:

Jewellery
 c - a ring of poison resistance (left front leg)
Wands
 l - a wand of enslavement (31)
 r - a wand of paralysis (7)
Scrolls
 a - 2 scrolls of remove curse
 b - 7 scrolls of identify
 d - 3 scrolls of amnesia {unknown}
 e - 3 scrolls of teleportation {unknown}
 n - 2 scrolls of random uselessness {unknown}
 o - 2 scrolls of enchant armour {unknown}
Potions
 f - 2 potions of degeneration {unknown}
 g - a potion of haste
 h - 4 potions of heal wounds {unknown}
 i - a potion of mutation {unknown}
 j - a potion of ambrosia {unknown}
 k - 5 potions of curing {unknown}
 m - a potion of flight {unknown}
 p - a potion of resistance {unknown}
 q - 2 potions of attraction {unknown}
 s - a potion of brilliance {unknown}


   Skills:
 + Level 1.8 Fighting
 + Level 4.6 Dodging
 + Level 8.6 Unarmed Combat
 * Level 5.7 Spellcasting
 * Level 5.7 Transmutations
 - Level 2.4 Poison Magic


You had 15 spell levels left.
You knew the following spells:

 Your Spells              Type           Power        Failure   Level
a - Beastly Appendage     Tmut           52%          5%          1
b - Spider Form           Tmut/Pois      10%          19%         3

Your spell library contained the following spells:

 Spells                   Type           Power        Failure   Level
 Wereblood                Tmut           26%          8%          2
 Animate Skeleton         Necr           10%          28%         1
 Corona                   Hex            5%           28%         1
 Pain                     Necr           20%          28%         1
 Slow                     Hex            5%           38%         2
 Blade Hands              Tmut           13%          54%         5
 Inner Flame              Hex/Fire       5%           58%         3
 Portal Projectile        Hex/Tloc       10%          58%         3
 Vampiric Draining        Necr           2%           58%         3
 Ice Form                 Ice/Tmut       15%          58%         4
 Animate Dead             Necr           2%           90%         4
 Cause Fear               Hex            2%           90%         4
 Leda's Liquefaction      Hex/Erth       2%           90%         4
 Agony                    Necr           5%           99%         5


Dungeon Overview and Level Annotations

Branches:
Dungeon (8/15)             Temple (0/1) D:4
   Lair: D:8-11

Altars:
Ashenzari
Dithmenos
Gozag
Nemelex Xobeh
Trog
Zin

Shops:
D:8 *

Annotations:
D:2 exclusion: downstairs
D:5 exclusion: downstairs
D:6 exclusions: ice beast and moth of wrath
D:7 2 runed translucent doors, exclusions: downstairs and orange crystal statue


Innate Abilities, Weirdness & Mutations

You cannot wear most types of armour.
You are very stealthy in the water. (Stealth+)
((You are amphibious.))
You can wear up to eight rings at the same time.
((You can use your tentacles to constrict eight enemies at once.))
((Your skin changes colour to match your surroundings (Stealth+).))
((Your rubbery body absorbs attacks. (AC +1, EV +1)))


Message History

You see here 28 gold pieces.
You hit the killer bee zombie.
The killer bee zombie is no longer distracted by gold.
The killer bee zombie is almost destroyed.
The killer bee zombie misses you. The jelly hits you.
You are splashed with acid!
The killer bee zombie completely misses you.
You feel sick.
You bite the jelly!
Your front legs burn!
* * * LOW HITPOINT WARNING * * *
The jelly is heavily wounded.
The killer bee zombie becomes distracted by the nearby gold, dreaming of imaginary riches.
You hit the jelly.
Your front legs burn!
* * * LOW HITPOINT WARNING * * *
The jelly is severely wounded.
You feel sick. The jelly hits you.
* * * LOW HITPOINT WARNING * * *
The acid corrodes you!
You are splashed with acid!
You die...
Your body crumbles into a pile of gold.

##### #...###
#.....#####
#########...#.....#
.......sJ...##{##.##
.########Z..#§§§#..#
#####...#.#§#.#.#
##........§§§.§..#
.......###.#.#.###
#.......###§§.##
........B.B#§##
.........#..$#
.........#####


You could see a jelly and a killer bee zombie.

Vanquished Creatures
  Pikel (D:7)
  A wyvern (D:8)
  2 orc warriors
  3 sky beasts
  2 centaurs
  A bullfrog (D:7)
  A wyvern zombie (D:7)
  A scorpion (D:4)
  3 howler monkeys (D:8)
  A centaur zombie (D:5)
  A hound (D:7)
  2 jellies
  2 orc priests
  A gnoll shaman (D:7)
  6 orc wizards
  A centaur skeleton (D:7)
  Terence (D:2)
  2 iguanas (D:4)
  5 worker ants
  A worker ant zombie (D:6)
  14 gnolls
  5 adders
  An ooze (D:1)
  4 worms
  A dart slug (D:5)
  5 leopard geckos
  15 orcs
  2 giant cockroaches
  3 goblins
  9 hobgoblins
  7 jackals
  4 quokkas
  2 ball pythons
  7 bats
  6 frilled lizards
  6 kobolds
  A leopard gecko skeleton (D:5)
  A quokka zombie (D:6)
  9 rats
140 creatures vanquished.

Notes
Turn   | Place    | Note
-------+----------+-------------------------------------------
     0 | D:1      | H0rd4k the Octopode Transmuter began the quest for the Orb.
     0 | D:1      | Reached XP level 1. HP: 13/13 MP: 3/3
   287 | D:1      | Reached XP level 2. HP: 18/18 MP: 5/5
   859 | D:1      | Reached XP level 3. HP: 20/23 MP: 6/6
  1484 | D:2      | Learned a level 3 spell: Spider Form
  1975 | D:2      | Found a glowing silver altar of Zin.
  1975 | D:2      | Noticed an angel
  2004 | D:2      | Reached skill level 4 in Unarmed Combat
  2354 | D:2      | Noticed Terence
  2367 | D:2      | Killed Terence
  2368 | D:2      | Reached XP level 4. HP: 25/28 MP: 3/8
  3099 | D:3      | Found a sparkling altar of Nemelex Xobeh.
  3707 | D:3      | Found an opulent altar of Gozag.
  3748 | D:3      | Reached XP level 5. HP: 33/33 MP: 9/9
  3767 | D:3      | Became a worshipper of Gozag Ym Sagoz the Greedy
  4404 | D:4      | Found a staircase to the Ecumenical Temple.
  4714 | D:4      | Reached skill level 5 in Unarmed Combat
  4922 | D:4      | Reached XP level 6. HP: 38/38 MP: 6/10
  5177 | D:4      | Reached skill level 1 in Poison Magic
  5761 | D:5      | Entered Level 5 of the Dungeon
  6129 | D:5      | Noticed a sky beast
  6142 | D:5      | Killed a sky beast
  6143 | D:5      | Reached XP level 7. HP: 34/43 MP: 9/12
  6427 | D:5      | Reached skill level 6 in Unarmed Combat
  7659 | D:6      | Noticed a moth of wrath
  7662 | D:6      | Found a bloodstained altar of Trog.
  7761 | D:6      | Reached XP level 8. HP: 36/48 MP: 11/14
  8970 | D:7      | Noticed Pikel
  9024 | D:7      | Killed Pikel
  9025 | D:7      | Reached skill level 7 in Unarmed Combat
  9025 | D:7      | Reached skill level 5 in Spellcasting
  9469 | D:7      | Reached skill level 5 in Transmutations
  9469 | D:7      | Reached XP level 9. HP: 50/53 MP: 12/16
  9548 | D:7      | Reached skill level 8 in Unarmed Combat
 10274 | D:7      | Found a broken altar of Ashenzari.
 10348 | D:7      | Noticed an orange crystal statue
 10359 | D:7      | Found a runed translucent door.
 10361 | D:7      | Found the +10 tower shield of Ignorance {rN+ Int-4}
 10464 | D:7      | Found a runed translucent door.
 11114 | D:8      | Noticed a two-headed ogre
 11120 | D:8      | HP: 1/54 [orc warrior/+0 glaive (27)]
 11457 | D:8      | Found Ruseik's General Store.
 11475 | D:8      | Found a shadowy altar of Dithmenos.
 11509 | D:8      | Splashed by a jelly's acid

Illustrated notes

Levels and vault maps discovered:
D:1:      lightli_arrival_noodles, layout_basic,
          wander_ebering_terrifying_dragon_lair
D:2:      layout_basic, zin_angel, uniq_terence
D:3:      layout_loops_ring, nemelex_xobeh_ov_fountains_minmay,
          nicolae_gozag_cash_rules_everything_around_me
D:4:      layout_layer_cave, minmay_temple_entry_stoned_glass, serial_forest,
          infiniplex_forest_lined_room_2, infiniplex_forest_clump_diagonal,
          infiniplex_forest_clump_tiny, infiniplex_forest_zigzag_2,
          infiniplex_forest_clump_diagonal, infiniplex_forest_straight_4
D:5:      layout_loops_corners
D:6:      layout_basic, tgw_trog, minmay_a_box_with_orc_wizards_in_it
D:7:      layout_basic, lemuel_doored_altar, chequers_guarded_unrand_ignorance,
          uniq_pikel
D:8:      lemuel_ice_spiral_2, layout_rooms, serial_shops, shop,
          grunt_dithmenos_smoke_and_mirrors

Skill      XL: |  1  2  3  4  5  6  7  8  9 |
---------------+----------------------------+-----
Unarmed Combat | 4 5 6 7 8 |  8.6
Spellcasting   | 3 4 5 |  5.7
Poison Magic   | 1 2 |  2.4
Dodging        | 3 4 |  4.6
Transmutations | 3 4 5 |  5.7
Fighting       | |  1.8

Action                   |  1- 3 |  4- 6 |  7- 9 || total
-------------------------+-------+-------+-------++-------
Melee: Unarmed           |    87 |   131 |   236 ||   454
       Tentacles         |    15 |    13 |     4 ||    32
       Constrict         |    16 |    21 |    11 ||    48
       Punch             |     1 |     1 |     3 ||     5
 Cast: Spider Form       |     1 |     9 |    24 ||    34
  Use: Scroll            |       |     4 |     1 ||     5
 Stab: Sleeping          |     4 |     6 |     8 ||    18
       Distracted        |       |     1 |     1 ||     2
Armor: Skin              |     9 |     8 |    10 ||    27
Dodge: Dodged            |    56 |    84 |   166 ||   306
